 Dungeon Crawl Stone Soup version 0.21.0-3-g78d12a8 (webtiles) character file.

32 tidbits the Sneak (level 3, 7/23 HPs)
             Began as an Octopode Air Elementalist on Jan 10, 2018.
             Quit the game on level 3 of the Dungeon.
             The game lasted 00:03:04 (319 turns).

tidbits the Sneak (Octopode Air Elementalist)        Turns: 319, Time: 00:03:05

Health: 7/23       AC:  1    Str:  7    XL:     3   Next: 27%
Magic:  6/6        EV: 13    Int: 17    God:
Gold:   32         SH:  0    Dex: 13    Spells: 5/6 levels left

rFire    . . .     SeeInvis .   g - -1 whip (curse)
rCold    . . .     Gourm    .   (no shield)
rNeg     . . .     Faith    .   (helmet restricted)
rPois    .         Spirit   .   (no amulet)
rElec    .         Reflect  .   (no ring)
rCorr    .         Harm     .   (no ring)
MR       .....                  (no ring)
Stlth    ++++......             (no ring)
HPRegen  0.07/turn              (no ring)
MPRegen  0.10/turn              (no ring)
                                (no ring)
                                (no ring)

@: no status effects
A: almost no armour, stealthy swim, amphibious, 8 rings, constrict 8, camouflage
1, gelatinous body 1
a: no special abilities


You were on level 3 of the Dungeon.
You were not hungry.

You visited 1 branch of the dungeon, and saw 3 of its levels.

You collected 32 gold pieces.

Inventory:

Hand Weapons
 d - a +0 dagger
 g - a cursed -1 whip (weapon)
 h - a +0 hunting sling
 i - a +0 flail
 j - a +0 blowgun
Missiles
 k - 21 poisoned needles
Scrolls
 e - a scroll of fog {unknown}
Potions
 c - 2 potions of lignification {unknown}
 f - a potion of curing {unknown}
Books
 a - a book of Air

   Spells                             Type                      Level
   a - Shock                          Conjuration/Air              1
   b - Swiftness                      Charms/Air                   2
   c - Static Discharge               Conjuration/Air              3
   d - Airstrike                      Air                          4
   e - Lightning Bolt                 Conjuration/Air              5
Comestibles
 b - 2 rations


   Skills:
 + Level 1.2 Fighting
 - Level 2.0 Dodging
 + Level 4.6 Stealth
 - Level 2.0 Spellcasting
 - Level 1.0 Conjurations
 - Level 3.0 Air Magic


You had 5 spell levels left.
You knew the following spells:

 Your Spells              Type           Power        Failure   Level  Hunger
a - Shock                 Conj/Air       #...         9%          1    #......


Dungeon Overview and Level Annotations

Branches:
Dungeon (3/15)

Altars:


Innate Abilities, Weirdness & Mutations

You cannot wear most types of armour.
You are very stealthy in the water. (Stealth+)
You are amphibious.
You can wear up to eight rings at the same time.
You can use your tentacles to constrict eight enemies at once.
Your skin changes colour to match your surroundings (Stealth+).
Your rubbery body absorbs attacks. (AC +1, EV +1)


Message History

Orders for allies: a - Attack new target. r - Retreat! s - Stop attacking. g - Guard the area. f - Follow me.
Anything else - Cancel.
You shout for attention!
You hear an angry hiss.
A giant cockroach comes into view.
You cannot walk slowly right now!
Unknown command.
Casting: Shock
Confirm with . or Enter, or press ? or * to list all spells.
Aiming: Shock
Press: ? - help, Shift-Dir - straight line The zap hits the giant cockroach.
The giant cockroach is severely wounded.
The zap hits the giant cockroach.
You kill the giant cockroach! 4 giant cockroaches come into view.
The giant cockroach moves out of view.
You barely miss the giant cockroach. Your grab misses the giant cockroach.
The giant cockroach barely misses you. x2
The giant cockroach waves its antennae.
You closely miss the giant cockroach. Your grab misses the giant cockroach.
The giant cockroach bites you but does no damage.
Casting: Shock
Confirm with . or Enter, or press ? or * to list all spells.
Aiming: Shock
Press: ? - help, Shift-Dir - straight line The zap hits the giant cockroach.
The giant cockroach is heavily wounded.
The zap misses the giant cockroach.
The zap hits the giant cockroach.
The giant cockroach is almost dead.
The zap hits the giant cockroach.
You kill the giant cockroach!
The zap hits the giant cockroach.
The giant cockroach is heavily wounded.
The zap hits the giant cockroach.
You kill the giant cockroach!
Unknown command.
You hit the giant cockroach. You grab the giant cockroach.
The giant cockroach is almost dead.
You constrict the giant cockroach, but do no damage.
The giant cockroach bites you but does no damage.
The giant cockroach barely misses you.
Casting: Shock
Confirm with . or Enter, or press ? or * to list all spells.
Aiming: Shock
Press: ? - help, Shift-Dir - straight line The zap hits the giant cockroach.
You kill the giant cockroach!
The zap hits the giant cockroach.
The giant cockroach is severely wounded.
The zap hits the giant cockroach.
You kill the giant cockroach!
You start resting.
A bat comes into view.
Casting: Shock
Confirm with . or Enter, or press ? or * to list all spells.
Aiming: Shock
Press: ? - help, Shift-Dir - straight line You miscast Shock.
You are very lightly contaminated with residual magic.
Nothing appears to happen.
The bat barely misses you.
You barely miss the bat. You grab the bat. You constrict the bat.
The bat closely misses you.
The bat struggles to escape constriction.
The bat escapes!
Casting: Shock
Confirm with . or Enter, or press ? or * to list all spells.
Aiming: Shock
Press: ? - help, Shift-Dir - straight line The zap hits the bat.
You kill the bat!
You cannot walk slowly right now!
You start resting.
Your magical contamination has completely faded away.
You start resting.
Magic restored.
You see here a giant cockroach corpse.
A giant cockroach comes into view.
Found a scroll labeled UJOIBO JIWUM.
An adder and 3 giant cockroaches come into view.
Found 9 gold pieces.
The adder hisses angrily.
You hit the giant cockroach but do no damage.
Your grab misses the giant cockroach.
You squeeze the giant cockroach, but do no damage.
The giant cockroach bites you.
* * * LOW HITPOINT WARNING * * *
You closely miss the giant cockroach. You grab the giant cockroach.
You constrict the giant cockroach, but do no damage.
The giant cockroach bites you.
* * * LOW HITPOINT WARNING * * *
The adder closely misses you.
A giant cockroach comes into view.
You hit the giant cockroach but do no damage.
You constrict the giant cockroach, but do no damage.
The giant cockroach bites you.
* * * LOW HITPOINT WARNING * * *
The adder completely misses you. The giant cockroach closely misses you.
Are you sure you want to abandon this character and quit the game? (Confirm with "yes".)

###########......#
#
#†.†.............#
#.
#.########.......#
+.. #.#
#....#########
#... #.##....$.
#....##.#....s..
#......†#.......
#....##s#S......
#... #.@ss.....
#.. ####s.?... #.
....# # ####


You could see an adder and 5 giant cockroaches.

Vanquished Creatures
  An adder (D:3)
  An ooze (D:1)
  6 giant cockroaches (D:3)
  3 goblins
  2 hobgoblins
  A bat (D:3)
  2 kobolds
  2 rats
18 creatures vanquished.

Notes
Turn   | Place    | Note
-------+----------+-------------------------------------------
     0 | D:1      | tidbits the Octopode Air Elementalist began the quest for the Orb.
     0 | D:1      | Reached XP level 1. HP: 11/11 MP: 3/3
    39 | D:1      | Reached skill level 3 in Stealth
    54 | D:1      | Reached XP level 2. HP: 14/17 MP: 3/5
    80 | D:2      | Reached skill level 4 in Stealth
   207 | D:3      | Reached skill level 1 in Fighting
   207 | D:3      | Reached XP level 3. HP: 9/23 MP: 3/6
   319 | D:3      | Quit the game

Skill      XL: |  1  2 |
---------------+-------+-----
Stealth        | 3 4 |  4.6
Fighting       | 1 |  1.2
Dodging        | |  2.0
Spellcasting   | |  2.0
Conjurations   | |  1.0
Air Magic      | |  3.0

Action                   || total
-------------------------++-------
Melee: Unarmed           ||     9
       Constrict         ||     8
       Tentacles         ||     6
       Whip              ||    13
       Dagger            ||     4
 Cast: Shock             ||    13
 Stab: Sleeping          ||     2
Armor: Skin              ||     3
Dodge: Dodged            ||    14

Table legend:
 A = Turns spent in this place as a percentage of turns spent in the entire game.
 B = Non-inter-level travel turns spent in this place as a percentage of non-inter-level travel turns spent in the entire game.
 C = Inter-level travel turns spent in this place as a percentage of turns spent in this place.
 D = Turns resting spent in this place as a percentage of non-inter-level travel turns spent in this place.
 E = Turns spent auto-exploring this place as a percentage of non-inter-level travel turns spent in this place.
 F = Non-inter-level travel turns spent in this place divided by the number of levels of this place that you've seen.
                   A       B       C       D       E      F
               +-------+-------+-------+-------+-------+----------------------
         Total | 100.0 | 100.0 |   0.0 |  15.7 |   0.0 | 106.3
       Dungeon | 100.0 | 100.0 |   0.0 |  15.7 |   0.0 | 106.3
               +-------+-------+-------+-------+-------+----------------------

Table legend:
 A = Kills in this place as a percentage of kills in entire the game.
 B = Kills by you in this place as a percentage of kills by you in the entire game.
 C = Kills by friends in this place as a percentage of kills by friends in the entire game.
 D = Other kills in this place as a percentage of other kills in the entire game.
 E = Experience gained in this place as a percentage of experience gained in the entire game.
 F = Experience gained in this place divided by the number of levels of this place that you have seen.
                   A       B       C       D       E      F
               +-------+-------+-------+-------+-------+----------------------
         Total | 100.0 | 100.0 |   N/A |   N/A | 100.0 |  15.7
       Dungeon | 100.0 | 100.0 |   N/A |   N/A | 100.0 |  15.7
               +-------+-------+-------+-------+-------+----------------------

Vault maps used:
D:1:      dpeg_arrival_arbitrary_b, nrook_loot_triangle, roderic_roman_lattice
D:2:      minmay_snake_closets
D:3:      minmay_roachtagon, nicolae_qazlal_general_emergency
